 Dungeon Crawl Stone Soup version 0.28.0-53-g5a82cb258f (webtiles) character file.

Game seed: 12593874988438274291

51 bnorton916 the Magician (level 3, -3/19 HPs)
             Began as a Deep Elf Fire Elementalist on July 10, 2022.
             Slain by a worm (5 damage)
             ... on level 2 of the Dungeon.
             The game lasted 00:01:44 (2782 turns).

bnorton916 the Magician (DEFE)                      Turns: 2782, Time: 00:01:45

Health: -3/19      AC:  3    Str:  5    XL:     3   Next: 58%
Magic:  5/10       EV: 12    Int: 21    God:
Gold:   64         SH:  0    Dex: 15    Spells: 9/10 levels left

rFire   . . .      SeeInvis .   (no weapon)
rCold   . . .      Faith    .   (no shield)
rNeg    . . .      Spirit   .   a - +0 robe
rPois   .          Reflect  .   (no helmet)
rElec   .          Harm     .   (no cloak)
rCorr   .          Rampage  .   i - +0 pair of gloves
Will    .....                   (no boots)
Stlth   ++........              (no amulet)
HPRegen 0.06/turn               (no ring)
MPRegen 0.12/turn               (no ring)

@: no status effects
A: no striking features
a: no special abilities


You were on level 2 of the Dungeon.
You visited 1 branch of the dungeon, and saw 2 of its levels.

You collected 64 gold pieces.

Inventory:

Missiles
 f - 6 javelins
 k - 2 throwing nets
Armour
 a - a +0 robe (worn)
 i - a +0 pair of gloves (worn)
Scrolls
 g - a scroll of enchant armour {unknown}
 j - a scroll of identify {unknown}
Potions
 b - a potion of curing {unknown}
 c - a potion of ambrosia {unknown}
 d - a potion of resistance {unknown}
 e - a potion of mutation {unknown}
 h - 2 potions of haste {unknown}


   Skills:
 - Level 2.4 Dodging
 - Level 2.4 Stealth
 + Level 4.0 Spellcasting
 + Level 2.3 Conjurations
 + Level 3.9 Fire Magic


You had 9 spell levels left.
You knew the following spells:

 Your Spells              Type           Power      Damage    Failure   Level
a - Foxfire               Conj/Fire      68%        2x1d7     3%          1

Your spell library contained the following spells:

 Spells                   Type           Power      Damage    Failure   Level
 Scorch                   Fire           40%        2d7       3%          2
 Conjure Flame            Conj/Fire      17%        6-21      10%         3
 Inner Flame              Hex/Fire       12%        N/A       16%         3
 Flame Wave               Conj/Fire      17%        2d6       32%         4


Dungeon Overview and Level Annotations

Branches:
Dungeon (2/15)

Altars:

Annotations:
D:2 Robin


Message History

Unknown command.
A worm comes into view.
Casting: Foxfire (safe; 3% risk of failure)
Confirm with . or Enter, or press ? or * to list all spells.
You conjure some foxfire!
The foxfire hits the worm.
The worm is moderately wounded.
Casting: Foxfire (safe; 3% risk of failure)
Confirm with . or Enter, or press ? or * to list all spells.
You conjure some foxfire!
Your foxfire dissipates!
The foxfire hits the worm.
The worm is moderately wounded.
Casting: Foxfire (safe; 3% risk of failure)
Confirm with . or Enter, or press ? or * to list all spells.
You conjure some foxfire!
Your foxfire dissipates!
Casting: Foxfire (safe; 3% risk of failure)
Confirm with . or Enter, or press ? or * to list all spells.
You conjure some foxfire!
Your foxfire dissipates!
Your foxfire dissipates!
The foxfire hits the worm.
The worm is moderately wounded.
The foxfire hits the worm.
The worm is heavily wounded.
Casting: Foxfire (safe; 3% risk of failure)
Confirm with . or Enter, or press ? or * to list all spells.
You conjure some foxfire!
The foxfire hits the worm.
The worm is heavily wounded.
The worm bites you!
Casting: Foxfire (safe; 3% risk of failure)
Confirm with . or Enter, or press ? or * to list all spells.
You conjure some foxfire!
The worm bites you!
* * * LOW HITPOINT WARNING * * *
The foxfire hits the worm.
The worm is heavily wounded.
The worm bites you.
You die...

#####
#.w.#
#.#@#
#.#.#
#.#.#
#.#.#
#.#.#
..#.#
###.#
#.#
#<#


You could see a worm.

Vanquished Creatures
  A worm (D:2)
  A dart slug (D:1)
  6 ball pythons (D:1)
  2 endoplasms
  4 giant cockroaches (D:1)
  4 goblins
  4 hobgoblins
  4 jackals (D:1)
  2 quokkas
  2 bats (D:1)
  6 frilled lizards
  3 kobolds (D:1)
  3 rats
42 creatures vanquished.

Vanquished Creatures (others)
  225 foxfires
225 creatures vanquished.

Grand Total: 267 creatures vanquished

Notes
Turn   | Place    | Note
-------+----------+-------------------------------------------
     0 | D:1      | bnorton916 the Deep Elf Fire Elementalist began the quest
                  | for the Orb.
     0 | D:1      | Reached XP level 1. HP: 10/10 MP: 6/6
   338 | D:1      | Reached XP level 2. HP: 15/15 MP: 4/8
  1224 | D:1      | Found a faded altar of an unknown god.
  1229 | D:1      | Reached XP level 3. HP: 19/19 MP: 7/10
  2054 | D:2      | Reached skill level 4 in Spellcasting
  2473 | D:2      | Noticed Robin
  2782 | D:2      | Slain by a worm

Illustrated notes

Levels and vault maps discovered:
D:1:      dpeg_chamrin_arrival_tetris, layout_loops_corners,
          dreamdust_ecumenical_altar_statues
D:2:      layout_basic, uniq_terence, uniq_robin

Skill      XL: |  1  2  3 |
---------------+----------+-----
Conjurations   | 2 |  2.3
Spellcasting   | 4 |  4.0
Dodging        | |  2.4
Stealth        | |  2.4
Fire Magic     | |  3.9

Action                   || total
-------------------------++-------
 Cast: Foxfire           ||   144
Armor: Robe              ||     7
Dodge: Dodged            ||    24
